 Dungeon Crawl Stone Soup version 0.28-a0-664-gc179e30c89 (webtiles) character file.

Game seed: 16503738169449959847

102 Irenicus the Chopper (level 4, -4/40 HPs)
             Began as a Deep Dwarf Berserker on Oct 15, 2021.
             Was a Believer of Trog.
             Engulfed by a cloud of flame (18 damage)
             ... on level 2 of the Dungeon.
             The game lasted 00:02:49 (1106 turns).

Irenicus the Chopper (Deep Dwarf Berserker)         Turns: 1106, Time: 00:02:50

Health: -4/40      AC:  3    Str: 21    XL:     4   Next: 50%
Magic:  4/4        EV: 12    Int:  7    God:    Trog [**....]
Gold:   58         SH:  0    Dex: 13    Spells: 3/3 levels left

rFire   . . .      SeeInvis .   a - +0 hand axe
rCold   . . .      Faith    .   (no shield)
rNeg    . . .      Spirit   .   b - +0 animal skin
rPois   .          Reflect  .   k - +0 helmet
rElec   .          Harm     .   (no cloak)
rCorr   .          Rampage  .   (no gloves)
Will    .....                   (no boots)
Stlth   +.........              (no amulet)
HPRegen 0.00/turn               (no ring)
MPRegen 0.09/turn               (no ring)

@: no status effects
A: damage resistance, heal wounds, sense surroundings 1, no regeneration
a: Heal Wounds, Renounce Religion, Berserk, Trog's Hand


You were on level 2 of the Dungeon.
You worshipped Trog.
Trog was pleased with you.
You visited 1 branch of the dungeon, and saw 2 of its levels.

You collected 58 gold pieces.


Innate Abilities, Weirdness & Mutations

You are resistant to damage.
You can heal yourself by infusing magical energy.
You passively map a small area around you.
You do not regenerate.


   Skills:
 - Level 2.6 Fighting
 + Level 5.9 Axes
 - Level 2.1 Armour
 - Level 2.1 Dodging


You had 3 spell levels left.
You didn't know any spells.
Your spell library was empty.

Inventory:

Hand Weapons
 a - a +0 hand axe (weapon)
Armour
 b - a +0 animal skin (worn)
 k - a +0 helmet (worn)
Jewellery
 F - a ring of fire
Wands
 l - a wand of polymorph (4)
Scrolls
 c - 2 scrolls of silence {unknown}
 d - 2 scrolls of noise {unknown}
 g - a scroll of vulnerability {unknown}
 i - a scroll of torment {unknown}
 j - a scroll of identify {unknown}
Potions
 e - a potion of degeneration {unknown}
 f - a potion of heal wounds {unknown}
 h - 2 potions of curing {unknown}

Dungeon Overview and Level Annotations

Branches:
Dungeon (2/15)

Altars:

#.####### #..
######'######
#..
#...........#
#.#
#.▒▒▒▒▒...▒▒▒
#.# #.▒ ▒§☼§▒
*##.# #.▒
▒.○.▒ #...
#.▒ ▒§§§▒
#..#
#.▒▒▒▒▒...▒ *
+...
#..@§...$..,,
#.##
#..§○......§
, .#+
##.§.§.$$..
......
#▒▒▒▒▒...▒
▒..... *,§§▒
▒..... §▒
▒..... , ▒
▒....# ,
▒.... , ...S.


There were no monsters in sight!


Message History

There is an open door here.
You close the door.
Found a stone staircase leading down.
You feel yourself speed up.
A giant cockroach comes into view.
The giant cockroach moves out of view.
An adder comes into view.
The giant cockroach waves its antennae.
You recover from your berserk rage.
Found a pink potion.
You hit the giant cockroach.
You kill the giant cockroach!
Trog accepts your kill.
You see here a giant cockroach corpse.
h - 2 pink potions (gained 1)
You open the door.
Found a spear.
There is an open door here.
You open the door.
Found a stone staircase leading down.
There is an open door here.
You open the door.
Found 11 gold pieces.
There is an open door here.
Found 16 gold pieces.
Really walk into a travel-excluded area?
Okay, then.
Really walk into a travel-excluded area?
You are engulfed in blazing flames.
You die...

Skill      XL: |  1  2 |
---------------+-------+-----
Axes           | 5 |  5.9
Fighting       | |  2.6
Armour         | |  2.1
Dodging        | |  2.1

Action                   |  1- 3 |  4- 6 || total
-------------------------+-------+-------++-------
Melee: Hand axe          |    78 |    26 ||   104
Invok: Berserk           |     1 |     1 ||     2
 Abil: Heal Wounds       |     1 |       ||     1
Armor: Animal skin       |    11 |     3 ||    14
Dodge: Dodged            |    52 |    14 ||    66

Levels and vault maps discovered:
D:1:      saegor_arrival_simple_e, layout_basic,
          ebering_ecumenical_altar_petrified
D:2:      layout_basic, lemuel_flame_loot_1, uniq_robin

Notes
Turn   | Place    | Note
-------+----------+-------------------------------------------
     0 | D:1      | Irenicus the Deep Dwarf Berserker began the quest for the
                  | Orb.
     0 | D:1      | Reached XP level 1. HP: 20/20 MP: 1/1
   346 | D:1      | Reached XP level 2. HP: 20/27 MP: 2/2
   353 | D:1      | Found a faded altar of an unknown god.
   369 | D:1      | Reached skill level 4 in Axes
   715 | D:2      | Reached skill level 5 in Axes
   715 | D:2      | Reached XP level 3. HP: 33/33 MP: 3/3
   766 | D:2      | Reached XP level 4. HP: 27/40 MP: 4/4
   828 | D:2      | Reached ** piety under Trog
  1000 | D:2      | Noticed Robin
  1016 | D:2      | Killed Robin
  1106 | D:2      | Engulfed by a cloud of flame

Vanquished Creatures
  An orc priest (D:2)
  Robin (D:2)
  2 adders (D:2)
  An adder skeleton (D:2)
  A dart slug (D:1)
  2 orcs (D:2)
  2 bats (D:1)
  2 endoplasms
  2 giant cockroaches
  10 goblins
  3 hobgoblins
  A kobold (D:1)
  2 quokkas (D:1)
  5 ball pythons (D:1)
  A rat (D:1)
36 creatures vanquished.

Table legend: (Time is in decaauts)
 A = Elapsed time spent in this place.
 B = Non-inter-level travel time spent in this place.
 C = Inter-level travel time spent in this place.
 D = Time resting spent in this place.
 E = Time spent auto-exploring this place.
 F = Levels seen in this place.
 G = Mean time per level.
                   A        B        C        D        E       F      G
               +--------+--------+--------+--------+--------+-----+--------+
         Total |   1130 |   1115 |     15 |      0 |    767 |   2 |  565.0 |
       Dungeon |   1130 |   1115 |     15 |      0 |    767 |   2 |  565.0 |
               +--------+--------+--------+--------+--------+-----+--------+

Top non-repeatable levels by time:
     D:1: 696 daAuts
     D:2: 433 daAuts

Table legend:
 A = Non-vault XP
 B = Vault XP
 C = Vault XP percentage of total XP
 D = Non-vault monster count
 E = Vault monster count
 F = Vault count percentage of total count
                 A         B        C        D         E       F
            +---------+---------+-------+---------+---------+-------
      Total |     112 |      35 |  23.8 |      25 |      11 |  30.6
            +---------+---------+-------+---------+---------+-------
        D:1 |      30 |       0 |   0.0 |      17 |       0 |   0.0
        D:2 |      82 |      35 |  29.9 |       8 |      11 |  57.9
            +---------+---------+-------+---------+---------+-------
